 Dungeon Sprint DCSS version 0.28.0-45-g0d030f2227 (webtiles) character file.

Game seed: 10579460767369017678

10 Groucho the Sneak (level 2, -7/13 HPs)
             Began as a Spriggan Enchanter on Apr 4, 2022.
             Mangled by a boulder beetle (20 damage)
             ... in the Dungeon (Sprint II: "The Violet Keep of Menkaure").
             The game lasted 00:00:46 (31 turns).

Groucho the Sneak (Spriggan Enchanter)                Turns: 31, Time: 00:00:47

Health: -7/13      AC:  2    Str:  4    XL:     2   Next: 10%
Magic:  5/7        EV: 18    Int: 16    God:
Gold:   0          SH:  0    Dex: 15    Spells: 8/8 levels left

rFire   . . .      SeeInvis +   a - +1 dagger
rCold   . . .      Faith    .   (no shield)
rNeg    . . .      Spirit   .   b - +0 robe
rPois   .          Reflect  .   (helmet restricted)
rElec   .          Harm     .   (no cloak)
rCorr   .          Rampage  .   (gloves unavailable)
Will    .....      NoTele   +   (boots unavailable)
Stlth   +++.......              (no amulet)
HPRegen 0.04/turn               (no ring)
MPRegen 0.10/turn               (no ring)

@: hasted, very quick
A: very small, no large weapons, unfitting armour, see invisible, speed 3
a: no special abilities


You were in the Dungeon.
You visited 1 branch

Inventory:

Hand Weapons
 a - a +1 dagger (weapon)
Armour
 b - a +0 robe (worn)
Scrolls
 i - a scroll of blinking
Potions
 d - a potion of curing
 e - a potion of heal wounds
 g - 2 potions of magic
 h - a potion of berserk rage


   Skills:
 + Level 2.2 Short Blades
 + Level 3.6 Dodging
 + Level 5.3 Stealth
 + Level 3.5 Spellcasting
 + Level 4.3 Hexes


You had 8 spell levels left.
You didn't know any spells.
Your spell library contained the following spells:

 Spells                   Type           Power      Damage    Failure   Level
 Confusing Touch          Hex            16%        N/A       9%          3
 Tukima's Dance           Hex            16%        N/A       9%          3
 Ensorcelled Hibernation  Hex/Ice        18%        N/A       11%         2
 Dazzling Flash           Conj/Hex       18%        N/A       22%         3


Dungeon Overview and Level Annotations

Branches:
Dungeon (1/1)

Altars:


Innate Abilities, Weirdness & Mutations

You are very small and have problems with some larger weapons.
You are too small for most types of armour.
You have supernaturally acute eyesight. (SInv)
You cover ground extremely quickly. (Speed+++)


Message History

You hit the worm but do no damage. You hit the worm but do no damage.
You punch the worm, but do no damage. You hit the worm.
You punch the worm, but do no damage.
The worm is lightly wounded.
You hit the worm.
The worm is moderately wounded.
You hit the worm.
The worm is heavily wounded.
You catch the helpless worm completely off-guard!
You puncture the worm!
You kill the worm!
You flicker for a moment.
Your Short Blades skill increases to level 2!
Your Stealth skill increases to level 5!
No target in view!
No target in view!
There is an open door here.
The helpless worm fails to defend itself.
You impale the worm!!
You kill the worm!
You have reached level 2!
There is an open door here.
You open the door. 2 boulder beetles come into view.
Found 243 gold pieces.
There is an open door here.
The helpless boulder beetle fails to defend itself.
You puncture the boulder beetle!
The boulder beetle is lightly wounded.
You hit the boulder beetle but do no damage.
The boulder beetle is lightly wounded.
You catch the helpless boulder beetle completely off-guard!
You hit the boulder beetle.
The boulder beetle is lightly wounded.
You hit the boulder beetle.
The boulder beetle is lightly wounded.
You flicker back into view.
The boulder beetle bites you!!
Ouch! That really hurt!
You die...

##+##
##$#.##
#.B#B.#
## #.#@#
##†###'##
#...##.##
+$##'.<.+
# #.##.##
#.###+#
##


You could see a boulder beetle.

Vanquished Creatures
  3 worms (D)
3 creatures vanquished.

Notes
Turn   | Place    | Note
-------+----------+-------------------------------------------
     0 | D        | Groucho the Spriggan Enchanter began the quest for the Orb.
     0 | D        | Reached XP level 1. HP: 9/9 MP: 5/5
    19 | D        | Reached skill level 5 in Stealth
    22 | D        | Reached XP level 2. HP: 13/13 MP: 5/7
    25 | D        | Noticed a boulder beetle
    25 | D        | Noticed a boulder beetle
    31 | D        | Mangled by a boulder beetle

Illustrated notes

Levels and vault maps discovered:
D:        the_violet_keep_of_menkaure [sprint2_stairs_cluster_1,
          sprint2_shoproom, sprint2_temple, sprint2_basic_supplies,
          sprint2_obstacle_2, sprint2_obstacle_1, sprint2_obstacle_6,
          sprint2_obstacle_7, sprint2_obstacle_4, sprint2_timed_cluster_1,
          sprint2_smallroom_cluster_1, sprint2_smallroom_final_cluster_1,
          sprint2_transparent_cluster_1, sprint2_second_timed_cluster_1,
          sprint2_sniper_area_1, sprint2_heavy_combat_area_1,
          sprint2_mutation_trap_area_1, sprint2_forest_area_1,
          sprint2_light_combat_area_1, sprint2_behind_water_1,
          sprint2_near_end_vault_1]

Skill      XL: |  1 |
---------------+----+-----
Dodging        | 3 |  3.6
Spellcasting   | 3 |  3.5
Hexes          | 4 |  4.3
Short Blades   | 2 |  2.2
Stealth        | 5 |  5.3

Action                   || total
-------------------------++-------
Melee: Dagger            ||    18
       Punch             ||     2
  Use: Potion            ||     2
 Stab: Invisible         ||     4
       Sleeping          ||     2
Dodge: Dodged            ||     5
